AoeStats
← elchinaleikazo

Nomad

510292309Analyzed
4v4 RM · 1d ago on Sep 30, 2026· 42m 27s· 8 players
Game mode
Random Map
Map size
231×231
Population
200
Speed
Normal
Resources
Standard
Victory
Conquest
Starting age
Dark Age
Ending age
Imperial Age
RankedLock teamsTeams togetherTeam positionsShared explorationLock speedFull tech treeHidden civsTurbo modeCheats
Victory
Defeat
🇦🇷 Malay · Argentina
1437
+12
🇻🇳 Spanish · Vietnam
1433
+12
🇬🇧 Khmer · United Kingdom
1427
+12
🇹🇷 Italians · Türkiye
1409
+12
🇨🇳 Mongols · China
1363
-13
🇦🇹 Danes · Austria
1348
-12
🇨🇳 Koreans · China
1345
-12
🇮🇹 Celts · Italy
1303
-11
Sir Dancealot
10:33 Loom
13:10 Feudal Age
18:40 Castle Age
16:40 Double-Bit Axe
18:00 Stone Mining
20:39 Fletching
23:28 Bow Saw
27:28 Bodkin Arrow
27:32 Horse Collar
32:08 Wheelbarrow
31:28 Town Watch
36:47 Imperial Age
36:35 Padded Archer Armor
37:44 Bracer
38:20 Hand Cart
39:06 Leather Archer Armor
39:58 Ballistics
40:58 Conscription
41:42 Chemistry
42:06 Ring Archer Armor
42:35 Masonry
43:16 Hoardings
Cufufalating
4:35 Loom
13:37 Feudal Age
14:43 Double-Bit Axe
17:10 Castle Age
15:57 Fishing Lines
16:59 Bloodlines
17:53 Husbandry
18:06 Scale Barding Armor
19:19 Horse Collar
21:50 Bow Saw
22:49 Chain Barding Armor
24:21 Wheelbarrow
24:31 Forging
27:07 Iron Casting
27:57 Hand Cart
28:09 Gillnets
29:39 Town Watch
30:42 Gold Mining
32:16 Heavy Plow
32:57 Gold Shaft Mining
36:37 Imperial Age
36:40 Cavalier
37:57 Plate Barding Armor
38:23 Blast Furnace
37:57 Crop Rotation
40:07 Conscription
TakEru
4:55 Loom
15:16 Feudal Age
19:34 Castle Age
19:54 Town Watch
24:01 Horse Collar
25:45 Fletching
27:31 Pikeman
35:23 Double-Bit Axe
38:55 Wheelbarrow
39:05 Bodkin Arrow
40:35 Padded Archer Armor
40:42 Scale Barding Armor
41:06 Bow Saw
elchinaleikazo
4:44 Loom
12:35 Feudal Age
19:19 Double-Bit Axe
20:25 Fletching
23:24 Castle Age
23:14 Medium Warships
23:30 Bodkin Arrow
25:07 Bow Saw
25:02 Town Watch
27:22 Wheelbarrow
29:18 Hand Cart
31:37 Fishing Lines
33:37 Ballistics
32:59 Treadmill Crane
33:32 Careening
36:06 Imperial Age
34:35 Forging
35:55 Iron Casting
35:12 Horse Collar
35:27 Arson
35:43 Squires
38:55 Blast Furnace
38:23 Elite Karambit Warrior
39:25 Conscription
40:50 Heavy Warships
40:40 Thalassocracy
PowerP
9:15 Loom
12:48 Loom
15:16 Feudal Age
17:11 Double-Bit Axe
20:21 Castle Age
18:03 Horse Collar
19:26 Wheelbarrow
24:26 Pikeman
28:01 Bow Saw
32:27 Medium Warships
37:56 Careening
XXXXXXXXXIA
3:19 Loom
13:42 Feudal Age
18:23 Castle Age
16:28 Stone Mining
16:28 Double-Bit Axe
18:25 Gold Mining
18:18 Fishing Lines
19:50 Bow Saw
20:21 Wheelbarrow
23:10 Bloodlines
24:41 Horse Collar
25:55 Husbandry
26:35 Scale Barding Armor
28:00 Forging
28:22 Hand Cart
28:32 Heavy Plow
31:48 Chain Barding Armor
33:04 Iron Casting
38:23 Imperial Age
37:13 Padded Archer Armor
37:03 Fletching
38:53 Leather Archer Armor
38:33 Bodkin Arrow
38:58 Thumb Ring
39:26 Conscription
38:29 Elite Mangudai
40:27 Bracer
40:51 Ballistics
41:32 Chemistry
苟住
8:06 Loom
13:25 Feudal Age
14:35 Gold Mining
18:08 Double-Bit Axe
22:21 Castle Age
21:23 Fletching
23:34 Bodkin Arrow
27:06 Town Watch
34:23 Stone Mining
Holyseeker
3:12 Loom
13:55 Feudal Age
14:01 Feudal Age
18:07 Castle Age
15:57 Double-Bit Axe
19:25 Forging
19:21 Scale Barding Armor
22:16 Horse Collar
26:50 Husbandry
27:41 Wheelbarrow
30:55 Hand Cart
37:55 Fishing Lines
Connection lost

Rejoining the realm…

Still unreachable

The connection could not be restored.

Session expired

The server has moved on; the page needs a fresh start.